WCHLSIM.com - West Coast Hockey League
html PUBLIC "-//W3C//DTD XHTML 1.0 Transitional//EN" "http://www.w3.org/TR/xhtml1/DTD/xhtml1-transitional.dtd"> WCHL - Game 14 - ANCHORAGE ACES vs COLORADO GLACIERCATS

ANCHORAGE ACES vs COLORADO GLACIERCATS

Created - 13 octobre 2022 at 23:31

Goals
1 2 3 T
ANCHORAGE ACES 2 0 3 5
COLORADO GLACIERCATS 1 2 1 4
Shots
1 2 3 T
ANCHORAGE ACES 12 7 9 28
COLORADO GLACIERCATS 5 8 11 24

1st period

1. ANCHORAGE ACES , Connor McDavid 1 (Nathan MacKinnon 1, Erik Haula 1) at 7:55
2. ANCHORAGE ACES , Nikolaj Ehlers 1 (Robert Bortuzzo 1) at 10:02
3. COLORADO GLACIERCATS , Jamie Benn 1 (Tage Thompson 1) at 13:36

Penalties :
Devon Toews (COL) for High sticking (Minor) at 3:50

2nd period

4. COLORADO GLACIERCATS , Tomas Hertl 1 (Kristopher Letang 1, Sam Reinhart 1) at 9:14
5. COLORADO GLACIERCATS , Alex Iafallo 1 (Blake Wheeler 1, Brayden Schenn 1) at 16:34

Penalties :
Erik Haula (ANC) for Interference (Minor) at 2:49

3rd period

6. ANCHORAGE ACES , Connor McDavid 2 (Nathan MacKinnon 2) at 0:16
7. COLORADO GLACIERCATS , Ilya Lyubushkin 1 (Jamie Benn 1, Tage Thompson 2) at 6:54
8. ANCHORAGE ACES , Phillip Danault 1 (Nikolaj Ehlers 1) at 6:58
9. ANCHORAGE ACES , Nathan MacKinnon 1 (Seth Jones 1, Erik Haula 2) at 8:14

Penalties :
Luke Schenn (COL) for Tripping (Minor) at 8:58, Luke Schenn (COL) for Interference (Minor) at 18:32

Goalie Stats

Darcy Kuemper (ANC), 20 saves from 24 shots - (0,833), W, 1-1-0, 60:00 minutes
Marc-Andre Fleury (COL), 23 saves from 28 shots - (0,821), L, 0-1-0, 60:00 minutes

Players Stats for ANCHORAGE ACES

Player Name              G  A  P  +/- PIM S  H  SB GA TA FO     MP     PP MP  PK MP  
------------------------------------------------------------------------------------
Andrew Ladd              0  0  0  -1  0   0  1  0  0  0  0/0     5:57   0:00   0:00 
Ben Chiarot              0  0  0   0  0   0  4  0  0  0  0/0    24:26   2:36   1:16 
Casey Cizikas            0  0  0  -1  0   1  0  0  0  0  4/5     5:57   0:00   0:00 
Chris Kreider            0  0  0  -1  0   2  1  0  0  0  0/1    18:58   2:49   0:00 
Connor McDavid           2  0  2   1  0   7  0  0  0  0  12/26  21:45   2:49   1:02 
Conor Sheary             0  0  0   2  0   0  0  0  0  0  1/1    12:36   0:00   0:00 
Dominik Simon            0  0  0  -1  0   1  0  0  0  0  0/0     6:54   0:00   0:57 
Erik Haula               0  2  2   1  2   1  3  0  0  0  0/0    17:53   0:00   0:00 
Jakob Chychrun           0  0  0  -1  0   0  0  0  0  0  0/0    21:51   2:49   0:43 
Jonathan Audy-Marchessau 0  0  0  -1  0   1  1  0  0  0  0/1    18:45   2:36   0:00 
Jordie Benn              0  0  0   2  0   0  1  0  0  0  0/0    13:43   0:00   0:00 
Joshua Norris            0  0  0  -1  0   2  1  0  0  0  5/17   18:45   2:36   0:00 
Nathan MacKinnon         1  2  3   1  0   3  1  0  0  0  0/1    20:43   2:49   0:00 
Nikolaj Ehlers           1  1  2   2  0   5  0  0  0  0  0/0    16:14   2:36   1:02 
Phillip Danault          1  0  1   2  0   4  0  0  0  0  9/14   13:33   0:00   0:57 
Robert Bortuzzo          0  1  1   2  0   0  0  0  0  0  0/0    13:43   0:00   0:00 
Ryan Pulock              0  0  0  -1  0   1  5  1  0  0  0/0    21:38   2:36   0:43 
Seth Jones               0  1  1   0  0   0  1  0  0  0  0/0    24:39   2:49   1:16 

Players Stats for COLORADO GLACIERCATS

Player Name              G  A  P  +/- PIM S  H  SB GA TA FO     MP     PP MP  PK MP  
------------------------------------------------------------------------------------
Alex Iafallo             1  0  1  -1  0   2  0  0  0  0  0/0    19:37   0:00   2:34 
Blake Wheeler            0  1  1  -1  0   2  0  0  0  0  0/1    18:06   1:03   0:00 
Brayden Schenn           0  1  1  -1  0   1  1  1  0  0  9/20   20:40   1:03   2:34 
Devon Toews              0  0  0  -2  2   0  1  2  0  0  0/0    20:35   0:56   1:09 
Ilya Lyubushkin          1  0  1   3  0   1  0  0  0  0  0/0    16:16   0:00   0:21 
Jamie Benn               1  1  2   0  0   2  2  0  0  0  0/1    13:54   0:00   0:00 
Kevin Hayes              0  0  0   0  0   1  0  0  0  0  12/20  16:45   0:00   2:51 
Kristopher Letang        0  1  1  -2  0   0  5  3  0  0  0/0    23:17   0:56   3:10 
Leon Draisaitl           0  0  0   0  0   5  0  0  0  0  0/0    17:22   0:56   0:00 
Luke Schenn              0  0  0   3  4   0  0  1  0  0  0/0    16:38   0:00   0:45 
Mario Ferraro            0  0  0  -2  0   0  1  1  0  0  0/0    21:43   1:03   3:10 
Matthew Highmore         0  0  0   0  0   0  0  0  0  0  0/0     5:13   0:00   0:00 
Ross Johnston            0  0  0   0  0   0  0  0  0  0  0/0     5:13   0:00   0:00 
Sam Reinhart             0  1  1   0  0   2  1  0  0  0  0/1    17:22   0:56   0:00 
Tage Thompson            0  2  2   0  0   6  0  1  0  0  0/0    17:48   1:03   2:51 
Tomas Hertl              1  0  1   0  0   1  2  0  0  0  14/19  17:22   0:56   0:00 
Tyson Jost               0  0  0   0  0   1  0  0  0  0  0/4     5:13   0:00   0:00 
Vladislav Gavrikov       0  0  0  -2  0   0  4  3  0  0  0/0    21:28   1:03   2:15 

3 Stars

1 - Nathan MacKinnon (ANC)
2 - Connor McDavid (ANC)
3 - Nikolaj Ehlers (ANC)

Power Play

ANCHORAGE ACES - 0 on 3 Attempt(s) - 0,00%
COLORADO GLACIERCATS - 0 on 1 Attempt(s) - 0,00%

Penalty Kill

ANCHORAGE ACES - 1 on 1 Attempt(s) - 100,00% - Score 0 goal in Penalty Kill
COLORADO GLACIERCATS - 3 on 3 Attempt(s) - 100,00% - Score 0 goal in Penalty Kill

Team Stat

ANCHORAGE ACES - Hits : 19 - Faceoff Wins : 31 - Blocked Shots : 1 - Penalty Minutes : 2
COLORADO GLACIERCATS - Hits : 17 - Faceoff Wins : 35 - Blocked Shots : 12 - Penalty Minutes : 6

Official

Referees : Tom Chmielewski and TJ Luxmore
Linesman : Travis Gawryletz and Kelsey Mahoney

Game Notes

No Game Note

Finance

Level 1 -- Attendance: 8031 (94,48%) -- Ticket Income 1 108 278 $
Level 2 -- Attendance: 5845 (97,42%) -- Ticket Income 666 330 $
Level 3 -- Attendance: 2814 (93,80%) -- Ticket Income 239 190 $
Level 4 -- Attendance: 4157 (83,14%) -- Ticket Income 270 205 $
Luxury Box -- Attendance: 1055 (95,91%) -- Ticket Income 321 775 $
Game was played at the GC Place.
Total Attendance: 21902 (92,81%)
Total Ticket Income: 2 605 778 $
Other Expense: 26 058 $
Total Income: 2 579 720 $

ANCHORAGE ACES

5 vs 5 Forward 
   Center                   Left Wing                Right Wing               Time % Phy DF OF 
 1 Connor McDavid           Erik Haula               Nathan MacKinnon         36     0   1  4  
 2 Joshua Norris            Chris Kreider            Jonathan Audy-Marchessaul31     0   2  3  
 3 Phillip Danault          Nikolaj Ehlers           Conor Sheary             23     0   2  3  
 4 Casey Cizikas            Andrew Ladd              Dominik Simon            10     1   2  2  

5 vs 5 Defense 
   Defense                  Defense                                           Time % Phy DF OF 
 1 Seth Jones               Ben Chiarot                                       36     1   2  2  
 2 Ryan Pulock              Jakob Chychrun                                    31     1   2  2  
 3 Robert Bortuzzo          Jordie Benn                                       23     1   2  2  
 4 Seth Jones               Ben Chiarot                                       10     1   2  2  

PowerPlay Forward 
   Center                   Left Wing                Right Wing               Time % Phy DF OF 
 1 Connor McDavid           Chris Kreider            Nathan MacKinnon         55     1   2  2  
 2 Joshua Norris            Nikolaj Ehlers           Jonathan Audy-Marchessaul45     1   2  2  

PowerPlay Defense
   Defense                  Defense                                           Time % Phy DF OF 
 1 Seth Jones               Jakob Chychrun                                    55     1   2  2  
 2 Ryan Pulock              Ben Chiarot                                       45     1   2  2  

Penalty Kill 4 Players Forward 
   Center                   Wing                     Time % Phy DF OF 
 1 Phillip Danault          Dominik Simon            55     1   2  2  
 2 Erik Haula               Nikolaj Ehlers           45     1   2  2  

Penalty Kill 4 Players Defense
   Defense                  Defense                  Time % Phy DF OF 
 1 Ben Chiarot              Seth Jones               55     1   2  2  
 2 Jakob Chychrun           Ryan Pulock              45     1   2  2  

Penalty Kill - 3 Players Forward 
   Forward                                           Time % Phy DF OF 
 1 Phillip Danault                                   55     1   2  2  
 2 Erik Haula                                        45     1   2  2  

Penalty Kill - 3 Players Defense
   Defense                  Defense                  Time % Phy DF OF 
 1 Ben Chiarot              Seth Jones               55     1   2  2  
 2 Jordie Benn              Robert Bortuzzo          45     1   2  2  

4 vs 4 Forward 
   Center                   Wing                     Time % Phy DF OF 
 1 Connor McDavid           Phillip Danault          50     1   2  2  
 2 Joshua Norris            Nathan MacKinnon         50     1   2  2  

4 vs 4 Defense
   Defense                  Defense                  Time % Phy DF OF 
 1 Seth Jones               Ben Chiarot              55     1   2  2  
 2 Robert Bortuzzo          Jordie Benn              45     1   2  2  

Last Minutes Offensive
   Center                   Left Wing                Right Wing               Defense                  Defense                  
   Nathan MacKinnon         Connor McDavid           Chris Kreider            Seth Jones               Ben Chiarot              

Last Minutes Defensive
   Center                   Left Wing                Right Wing               Defense                  Defense                  
   Nathan MacKinnon         Connor McDavid           Chris Kreider            Seth Jones               Ben Chiarot              

Goaltenders
Starting : Darcy Kuemper            
Backup : Brian Elliott            

Extra Forwards
Normal : Nikolaj Ehlers, Nathan MacKinnon, Connor McDavid - PP : Chris Kreider, Jonathan Audy-Marchessault - PK : Nikolaj Ehlers
Extra Defensemen
Normal : Ben Chiarot, Seth Jones, Ryan Pulock - PP : Ben Chiarot - PK : Jakob Chychrun, Seth Jones
Penalty Shots
Connor McDavid, Nathan MacKinnon, Chris Kreider, Jonathan Audy-Marchessault, Joshua Norris
Custom OT Lines Forwards
Andrew Ladd, Dominik Simon, Nathan MacKinnon, Connor McDavid, Chris Kreider, Jonathan Audy-Marchessault, Nikolaj Ehlers, Phillip Danault, Joshua Norris, Erik Haula
Custom OT Lines Defensemen
Ben Chiarot, Seth Jones, Ryan Pulock, Jakob Chychrun, Robert Bortuzzo

Scratches
None

COLORADO GLACIERCATS

5 vs 5 Forward 
   Center                   Left Wing                Right Wing               Time % Phy DF OF 
 1 Tomas Hertl              Leon Draisaitl           Sam Reinhart             34     0   1  4  
 2 Brayden Schenn           Alex Iafallo             Blake Wheeler            33     0   1  4  
 3 Kevin Hayes              Jamie Benn               Tage Thompson            28     1   1  3  
 4 Tyson Jost               Ross Johnston            Matthew Highmore         5      1   2  2  

5 vs 5 Defense 
   Defense                  Defense                                           Time % Phy DF OF 
 1 Devon Toews              Mario Ferraro                                     34     0   2  3  
 2 Kristopher Letang        Vladislav Gavrikov                                34     0   2  3  
 3 Ilya Lyubushkin          Luke Schenn                                       29     0   3  2  
 4 Devon Toews              Kristopher Letang                                 3      0   2  3  

PowerPlay Forward 
   Center                   Left Wing                Right Wing               Time % Phy DF OF 
 1 Tomas Hertl              Leon Draisaitl           Sam Reinhart             55     0   1  4  
 2 Brayden Schenn           Tage Thompson            Blake Wheeler            45     1   1  3  

PowerPlay Defense
   Defense                  Defense                                           Time % Phy DF OF 
 1 Kristopher Letang        Devon Toews                                       60     0   1  4  
 2 Mario Ferraro            Vladislav Gavrikov                                40     0   2  3  

Penalty Kill 4 Players Forward 
   Center                   Wing                     Time % Phy DF OF 
 1 Brayden Schenn           Alex Iafallo             50     0   4  1  
 2 Kevin Hayes              Tage Thompson            50     0   4  1  

Penalty Kill 4 Players Defense
   Defense                  Defense                  Time % Phy DF OF 
 1 Devon Toews              Vladislav Gavrikov       50     1   4  0  
 2 Kristopher Letang        Mario Ferraro            50     1   4  0  

Penalty Kill - 3 Players Forward 
   Forward                                           Time % Phy DF OF 
 1 Leon Draisaitl                                    50     0   5  0  
 2 Tyson Jost                                        50     0   5  0  

Penalty Kill - 3 Players Defense
   Defense                  Defense                  Time % Phy DF OF 
 1 Devon Toews              Mario Ferraro            50     0   5  0  
 2 Kristopher Letang        Vladislav Gavrikov       50     0   5  0  

4 vs 4 Forward 
   Center                   Wing                     Time % Phy DF OF 
 1 Tomas Hertl              Tage Thompson            50     0   1  4  
 2 Leon Draisaitl           Sam Reinhart             50     0   1  4  

4 vs 4 Defense
   Defense                  Defense                  Time % Phy DF OF 
 1 Kristopher Letang        Mario Ferraro            45     0   3  2  
 2 Devon Toews              Vladislav Gavrikov       55     0   3  2  

Last Minutes Offensive
   Center                   Left Wing                Right Wing               Defense                  Defense                  
   Tomas Hertl              Leon Draisaitl           Sam Reinhart             Kristopher Letang        Devon Toews              

Last Minutes Defensive
   Center                   Left Wing                Right Wing               Defense                  Defense                  
   Leon Draisaitl           Alex Iafallo             Sam Reinhart             Mario Ferraro            Devon Toews              

Goaltenders
Starting : Marc-Andre Fleury        
Backup : Kaapo Kahkonen           

Extra Forwards
Normal : Tage Thompson, Jamie Benn, Leon Draisaitl - PP : Jamie Benn, Alex Iafallo - PK : Tyson Jost
Extra Defensemen
Normal : Luke Schenn, Ilya Lyubushkin, Vladislav Gavrikov - PP : Kristopher Letang - PK : Luke Schenn, Ilya Lyubushkin
Penalty Shots
Leon Draisaitl, Sam Reinhart, Blake Wheeler, Brayden Schenn, Tage Thompson
Custom OT Lines Forwards
Leon Draisaitl, Sam Reinhart, Tomas Hertl, Blake Wheeler, Brayden Schenn, Tage Thompson, Alex Iafallo, Jamie Benn, Kevin Hayes, Tyson Jost
Custom OT Lines Defensemen
Kristopher Letang, Devon Toews, Mario Ferraro, Vladislav Gavrikov, Luke Schenn

Scratches
None


% Time on Ice - ANCHORAGE ACES

Lines # - Real PCT - Wanted PCT - Time Play
Normal Forward
1 - 34% - 36% - 17:54
2 - 31% - 31% - 16:09
3 - 24% - 23% - 12:36
4 - 11% - 10% - 5:57
Normal Defense
1 - 33% - 36% - 17:33
2 - 35% - 31% - 18:19
3 - 26% - 23% - 13:43
4 - 6% - 10% - 3:01
PP Forward
1 - 52% - 55% - 2:49
2 - 48% - 45% - 2:36
PP Defense
1 - 52% - 55% - 2:49
2 - 48% - 45% - 2:36
PK Forward
1 - 48% - 55% - 0:57
2 - 52% - 45% - 1:02
PK Defense
1 - 64% - 55% - 1:16
2 - 36% - 45% - 0:43
PK3 Forward
1 - 0% - 55%
2 - 0% - 45%
PK3 Defense
1 - 0% - 55%
2 - 0% - 45%
44 Forward
1 - 0% - 50%
2 - 0% - 50%
44 Defense
1 - 0% - 55%
2 - 0% - 45%
Last Minute Offensive  - 0:00
Last Minute Defensive  - 0:00
Total
Forward - 60:00
Defense - 60:00

% Time on Ice - COLORADO GLACIERCATS

Lines # - Real PCT - Wanted PCT - Time Play
Normal Forward
1 - 31% - 34% - 16:26
2 - 32% - 33% - 17:03
3 - 26% - 28% - 13:54
4 - 10% - 5% - 5:13
Normal Defense
1 - 33% - 34% - 17:30
2 - 35% - 34% - 18:10
3 - 30% - 29% - 15:55
4 - 2% - 3% - 1:01
PP Forward
1 - 47% - 55% - 0:56
2 - 53% - 45% - 1:03
PP Defense
1 - 47% - 60% - 0:56
2 - 53% - 40% - 1:03
PK Forward
1 - 47% - 50% - 2:34
2 - 53% - 50% - 2:51
PK Defense
1 - 42% - 50% - 2:15
2 - 58% - 50% - 3:10
PK3 Forward
1 - 0% - 50%
2 - 0% - 50%
PK3 Defense
1 - 0% - 50%
2 - 0% - 50%
44 Forward
1 - 0% - 50%
2 - 0% - 50%
44 Defense
1 - 0% - 45%
2 - 0% - 55%
Last Minute Offensive  - 0:00
Last Minute Defensive  - 0:00
Total
Forward - 60:00
Defense - 60:00

Play-by-Play

1st period


0:01 of 1st period - Tomas Hertl wins face-off versus Nathan MacKinnon in neutral zone.
0:09 of 1st period - Leon Draisaitl is hit by Ben Chiarot and loses puck.
0:20 of 1st period - Shot by Nathan MacKinnon.
0:20 of 1st period - Shot Misses the Net.
0:38 of 1st period - Shot by Connor McDavid.
0:38 of 1st period - Shot Misses the Net.
1:14 of 1st period - Shot by Jonathan Audy-Marchessault.
1:14 of 1st period - Shot Misses the Net.
2:04 of 1st period - Shot by Phillip Danault.
2:04 of 1st period - Stopped by Marc-Andre Fleury with a rebound.
2:28 of 1st period - Shot by Phillip Danault.
2:28 of 1st period - Shot Blocked by Vladislav Gavrikov.
3:10 of 1st period - Shot by Tage Thompson.
3:10 of 1st period - Stopped by Darcy Kuemper with a rebound.
3:12 of 1st period - Shot by Luke Schenn.
3:12 of 1st period - Shot Misses the Net.
3:16 of 1st period - Shot by Tage Thompson.
3:16 of 1st period - Stopped by Darcy Kuemper without a rebound.
3:17 of 1st period - Connor McDavid wins face-off versus Tyson Jost in ANCHORAGE ACES zone.
3:28 of 1st period - Shot by Connor McDavid.
3:28 of 1st period - Stopped by Marc-Andre Fleury without a rebound.
3:29 of 1st period - Joshua Norris wins face-off versus Sam Reinhart in COLORADO GLACIERCATS zone.
3:37 of 1st period - Joshua Norris is hit by Devon Toews and loses puck.
3:50 of 1st period - Minor Penalty to Devon Toews for High sticking.
3:51 of 1st period - Kevin Hayes wins face-off versus Connor McDavid in COLORADO GLACIERCATS zone.
4:09 of 1st period - Icing by Connor McDavid.
4:10 of 1st period - Brayden Schenn wins face-off versus Connor McDavid in ANCHORAGE ACES zone.
5:24 of 1st period - Shot by Nikolaj Ehlers.
5:24 of 1st period - Stopped by Marc-Andre Fleury without a rebound.
5:25 of 1st period - Kevin Hayes wins face-off versus Connor McDavid in COLORADO GLACIERCATS zone.
6:19 of 1st period - Tomas Hertl is hit by Andrew Ladd and loses puck.
6:36 of 1st period - Shot by Leon Draisaitl.
6:36 of 1st period - Stopped by Darcy Kuemper without a rebound.
6:37 of 1st period - Brayden Schenn wins face-off versus Phillip Danault in ANCHORAGE ACES zone.
7:18 of 1st period - Shot by Conor Sheary.
7:18 of 1st period - Deflect By Nikolaj Ehlers.
7:18 of 1st period - Stopped by Marc-Andre Fleury without a rebound.
7:19 of 1st period - Kevin Hayes wins face-off versus Connor McDavid in COLORADO GLACIERCATS zone.
7:55 of 1st period - Shot by Connor McDavid.
7:55 of 1st period - Goal by Connor McDavid - ANCHORAGE ACES : 1 - COLORADO GLACIERCATS : 0.
7:56 of 1st period - Tomas Hertl wins face-off versus Joshua Norris in neutral zone.
8:32 of 1st period - Icing by Mario Ferraro.
8:33 of 1st period - Connor McDavid wins face-off versus Tomas Hertl in COLORADO GLACIERCATS zone.
8:40 of 1st period - Shot by Nathan MacKinnon.
8:40 of 1st period - Deflect By Connor McDavid.
8:40 of 1st period - Shot Blocked by Devon Toews.
8:42 of 1st period - Shot by Nathan MacKinnon.
8:42 of 1st period - Shot Misses the Net.
8:44 of 1st period - Shot by Ben Chiarot.
8:44 of 1st period - Shot Misses the Net.
9:15 of 1st period - Icing by Luke Schenn.
9:16 of 1st period - Kevin Hayes wins face-off versus Joshua Norris in COLORADO GLACIERCATS zone.
9:16 of 1st period - Kevin Hayes is hit by Chris Kreider.
9:26 of 1st period - Shot by Chris Kreider.
9:26 of 1st period - Shot Blocked by Luke Schenn.
9:28 of 1st period - Shot by Ryan Pulock.
9:28 of 1st period - Stopped by Marc-Andre Fleury without a rebound.
9:29 of 1st period - Brayden Schenn wins face-off versus Phillip Danault in COLORADO GLACIERCATS zone.
10:02 of 1st period - Shot by Nikolaj Ehlers.
10:02 of 1st period - Goal by Nikolaj Ehlers - ANCHORAGE ACES : 2 - COLORADO GLACIERCATS : 0.
10:03 of 1st period - Kevin Hayes wins face-off versus Connor McDavid in neutral zone.
10:33 of 1st period - Icing by Ilya Lyubushkin.
10:34 of 1st period - Kevin Hayes wins face-off versus Joshua Norris in COLORADO GLACIERCATS zone.
10:47 of 1st period - Jakob Chychrun is hit by Jamie Benn and loses puck.
10:58 of 1st period - Shot by Jamie Benn.
10:58 of 1st period - Shot Misses the Net.
11:33 of 1st period - Blake Wheeler is hit by Ryan Pulock and loses puck.
11:41 of 1st period - Alex Iafallo is hit by Ryan Pulock and loses puck.
12:39 of 1st period - Connor McDavid is hit by Tomas Hertl.
12:47 of 1st period - Shot by Nathan MacKinnon.
12:47 of 1st period - Shot Hit the Post.
12:58 of 1st period - Icing by Devon Toews.
12:59 of 1st period - Phillip Danault wins face-off versus Tomas Hertl in COLORADO GLACIERCATS zone.
13:08 of 1st period - Shot by Phillip Danault.
13:08 of 1st period - Shot Misses the Net.
13:10 of 1st period - Shot by Robert Bortuzzo.
13:10 of 1st period - Shot Misses the Net.
13:20 of 1st period - Shot by Nikolaj Ehlers.
13:20 of 1st period - Stopped by Marc-Andre Fleury without a rebound.
13:21 of 1st period - Casey Cizikas wins face-off versus Kevin Hayes in COLORADO GLACIERCATS zone.
13:36 of 1st period - Shot by Jamie Benn.
13:36 of 1st period - Goal by Jamie Benn - ANCHORAGE ACES : 2 - COLORADO GLACIERCATS : 1.
13:37 of 1st period - Phillip Danault wins face-off versus Brayden Schenn in neutral zone.
14:10 of 1st period - Shot by Blake Wheeler.
14:10 of 1st period - Stopped by Darcy Kuemper without a rebound.
14:11 of 1st period - Connor McDavid wins face-off versus Jamie Benn in ANCHORAGE ACES zone.
14:51 of 1st period - Icing by Luke Schenn.
14:52 of 1st period - Joshua Norris wins face-off versus Kevin Hayes in COLORADO GLACIERCATS zone.
15:08 of 1st period - Shot by Jonathan Audy-Marchessault.
15:08 of 1st period - Shot Misses the Net.
15:12 of 1st period - Shot by Chris Kreider.
15:12 of 1st period - Stopped by Marc-Andre Fleury without a rebound.
15:13 of 1st period - Phillip Danault wins face-off versus Brayden Schenn in COLORADO GLACIERCATS zone.
15:13 of 1st period - Phillip Danault is hit by Kristopher Letang.
15:24 of 1st period - Icing by Kristopher Letang.
15:25 of 1st period - Connor McDavid wins face-off versus Brayden Schenn in COLORADO GLACIERCATS zone.
15:39 of 1st period - Shot by Connor McDavid.
15:39 of 1st period - Stopped by Marc-Andre Fleury without a rebound.
15:40 of 1st period - Tomas Hertl wins face-off versus Joshua Norris in COLORADO GLACIERCATS zone.
17:04 of 1st period - Shot by Nathan MacKinnon.
17:04 of 1st period - Deflect By Connor McDavid.
17:04 of 1st period - Stopped by Marc-Andre Fleury with a rebound.
17:06 of 1st period - Shot by Connor McDavid.
17:06 of 1st period - Stopped by Marc-Andre Fleury with a rebound.
17:28 of 1st period - Shot by Connor McDavid.
17:28 of 1st period - Shot Misses the Net.
18:01 of 1st period - Shot by Nikolaj Ehlers.
18:01 of 1st period - Shot Misses the Net.
18:17 of 1st period - Shot by Nikolaj Ehlers.
18:17 of 1st period - Shot Misses the Net.
18:19 of 1st period - Shot by Phillip Danault.
18:19 of 1st period - Shot Misses the Net.
Goals for this period are 2 for ANCHORAGE ACES vs 1 for COLORADO GLACIERCATS.
Shots for this period are 12 for ANCHORAGE ACES vs 5 for COLORADO GLACIERCATS.

2nd period


0:01 of 2nd period - Connor McDavid wins face-off versus Tyson Jost in neutral zone.
0:26 of 2nd period - Tyson Jost is hit by Ben Chiarot and loses puck.
1:09 of 2nd period - Shot by Nikolaj Ehlers.
1:09 of 2nd period - Shot Misses the Net.
1:12 of 2nd period - Phillip Danault is hit by Kristopher Letang and loses puck.
2:10 of 2nd period - Off-side.
2:11 of 2nd period - Casey Cizikas wins face-off versus Brayden Schenn in neutral zone.
2:22 of 2nd period - Icing by Alex Iafallo.
2:23 of 2nd period - Connor McDavid wins face-off versus Blake Wheeler in COLORADO GLACIERCATS zone.
2:29 of 2nd period - Icing by Ilya Lyubushkin.
2:30 of 2nd period - Brayden Schenn wins face-off versus Connor McDavid in COLORADO GLACIERCATS zone.
2:30 of 2nd period - Brayden Schenn is hit by Erik Haula.
2:35 of 2nd period - Alex Iafallo is hit by Nathan MacKinnon and loses puck.
2:39 of 2nd period - Ilya Lyubushkin is hit by Erik Haula and loses puck.
2:43 of 2nd period - Luke Schenn is hit by Seth Jones and loses puck.
2:49 of 2nd period - Minor Penalty to Erik Haula for Interference.
2:50 of 2nd period - Tomas Hertl wins face-off versus Phillip Danault in ANCHORAGE ACES zone.
2:53 of 2nd period - Shot by Leon Draisaitl.
2:53 of 2nd period - Stopped by Darcy Kuemper without a rebound.
2:54 of 2nd period - Tomas Hertl wins face-off versus Phillip Danault in ANCHORAGE ACES zone.
4:00 of 2nd period - Shot by Tage Thompson.
4:00 of 2nd period - Stopped by Darcy Kuemper without a rebound.
4:01 of 2nd period - Phillip Danault wins face-off versus Brayden Schenn in ANCHORAGE ACES zone.
4:01 of 2nd period - Phillip Danault is hit by Brayden Schenn.
5:22 of 2nd period - Shot by Matthew Highmore.
5:22 of 2nd period - Shot Misses the Net.
5:24 of 2nd period - Shot by Ilya Lyubushkin.
5:24 of 2nd period - Deflect By Tyson Jost.
5:24 of 2nd period - Stopped by Darcy Kuemper without a rebound.
5:25 of 2nd period - Tomas Hertl wins face-off versus Casey Cizikas in ANCHORAGE ACES zone.
5:25 of 2nd period - Sam Reinhart is hit by Ryan Pulock and loses puck.
5:52 of 2nd period - Ryan Pulock is hit by Tomas Hertl.
5:57 of 2nd period - Icing by Devon Toews.
5:58 of 2nd period - Tomas Hertl wins face-off versus Connor McDavid in COLORADO GLACIERCATS zone.
7:06 of 2nd period - Shot by Joshua Norris.
7:06 of 2nd period - Stopped by Marc-Andre Fleury without a rebound.
7:07 of 2nd period - Phillip Danault wins face-off versus Kevin Hayes in COLORADO GLACIERCATS zone.
7:08 of 2nd period - Shot by Nikolaj Ehlers.
7:08 of 2nd period - Shot Blocked by Devon Toews.
7:10 of 2nd period - Shot by Nikolaj Ehlers.
7:10 of 2nd period - Shot Misses the Net.
7:56 of 2nd period - Icing by Devon Toews.
7:57 of 2nd period - Joshua Norris wins face-off versus Kevin Hayes in COLORADO GLACIERCATS zone.
8:16 of 2nd period - Shot by Chris Kreider.
8:16 of 2nd period - Shot Misses the Net.
8:28 of 2nd period - Shot by Chris Kreider.
8:28 of 2nd period - Shot Blocked by Tage Thompson.
8:34 of 2nd period - Shot by Chris Kreider.
8:34 of 2nd period - Stopped by Marc-Andre Fleury without a rebound.
8:35 of 2nd period - Tomas Hertl wins face-off versus Connor McDavid in COLORADO GLACIERCATS zone.
9:14 of 2nd period - Shot by Tomas Hertl.
9:14 of 2nd period - Goal by Tomas Hertl - ANCHORAGE ACES : 2 - COLORADO GLACIERCATS : 2.
9:15 of 2nd period - Brayden Schenn wins face-off versus Jonathan Audy-Marchessault in neutral zone.
9:38 of 2nd period - Alex Iafallo is hit by Ben Chiarot and loses puck.
9:51 of 2nd period - Shot by Jonathan Audy-Marchessault.
9:51 of 2nd period - Shot Misses the Net.
9:53 of 2nd period - Shot by Jonathan Audy-Marchessault.
9:53 of 2nd period - Shot Misses the Net.
9:55 of 2nd period - Shot by Chris Kreider.
9:55 of 2nd period - Shot Misses the Net.
10:18 of 2nd period - Icing by Vladislav Gavrikov.
10:19 of 2nd period - Connor McDavid wins face-off versus Tyson Jost in COLORADO GLACIERCATS zone.
10:52 of 2nd period - Shot by Connor McDavid.
10:52 of 2nd period - Stopped by Marc-Andre Fleury with a rebound.
11:44 of 2nd period - Shot by Leon Draisaitl.
11:44 of 2nd period - Stopped by Darcy Kuemper with a rebound.
12:21 of 2nd period - Shot by Phillip Danault.
12:21 of 2nd period - Stopped by Marc-Andre Fleury without a rebound.
12:22 of 2nd period - Joshua Norris wins face-off versus Kevin Hayes in COLORADO GLACIERCATS zone.
12:23 of 2nd period - Shot by Jonathan Audy-Marchessault.
12:23 of 2nd period - Shot Blocked by Vladislav Gavrikov.
12:31 of 2nd period - Shot by Chris Kreider.
12:31 of 2nd period - Shot Misses the Net.
12:33 of 2nd period - Shot by Chris Kreider.
12:33 of 2nd period - Deflect By Joshua Norris.
12:33 of 2nd period - Shot Blocked by Kristopher Letang.
12:52 of 2nd period - Shot by Chris Kreider.
12:52 of 2nd period - Shot Blocked by Vladislav Gavrikov.
13:19 of 2nd period - Phillip Danault is hit by Jamie Benn and loses puck.
15:54 of 2nd period - Icing by Robert Bortuzzo.
15:55 of 2nd period - Tomas Hertl wins face-off versus Chris Kreider in ANCHORAGE ACES zone.
16:15 of 2nd period - Tomas Hertl is hit by Jordie Benn and loses puck.
16:28 of 2nd period - Shot by Leon Draisaitl.
16:28 of 2nd period - Stopped by Darcy Kuemper without a rebound.
16:29 of 2nd period - Brayden Schenn wins face-off versus Connor McDavid in ANCHORAGE ACES zone.
16:32 of 2nd period - Shot by Alex Iafallo.
16:32 of 2nd period - Stopped by Darcy Kuemper with a rebound.
16:34 of 2nd period - Shot by Alex Iafallo.
16:34 of 2nd period - Goal by Alex Iafallo - ANCHORAGE ACES : 2 - COLORADO GLACIERCATS : 3.
16:35 of 2nd period - Brayden Schenn wins face-off versus Connor McDavid in neutral zone.
16:47 of 2nd period - Off-side.
16:48 of 2nd period - Phillip Danault wins face-off versus Kevin Hayes in neutral zone.
17:10 of 2nd period - Shot by Phillip Danault.
17:10 of 2nd period - Stopped by Marc-Andre Fleury without a rebound.
17:11 of 2nd period - Connor McDavid wins face-off versus Brayden Schenn in COLORADO GLACIERCATS zone.
17:13 of 2nd period - Erik Haula is hit by Vladislav Gavrikov and loses puck.
17:29 of 2nd period - Nathan MacKinnon is hit by Kristopher Letang and loses puck.
18:05 of 2nd period - Nathan MacKinnon is hit by Vladislav Gavrikov and loses puck.
18:32 of 2nd period - Shot by Phillip Danault.
18:32 of 2nd period - Shot Misses the Net.
19:22 of 2nd period - Shot by Joshua Norris.
19:22 of 2nd period - Stopped by Marc-Andre Fleury without a rebound.
19:23 of 2nd period - Casey Cizikas wins face-off versus Kevin Hayes in COLORADO GLACIERCATS zone.
19:24 of 2nd period - Shot by Dominik Simon.
19:24 of 2nd period - Stopped by Marc-Andre Fleury without a rebound.
19:25 of 2nd period - Kevin Hayes wins face-off versus Joshua Norris in COLORADO GLACIERCATS zone.
Goals for this period are 0 for ANCHORAGE ACES vs 2 for COLORADO GLACIERCATS.
Shots for this period are 7 for ANCHORAGE ACES vs 8 for COLORADO GLACIERCATS.

3rd period


0:01 of 3rd period - Connor McDavid wins face-off versus Tomas Hertl in neutral zone.
0:04 of 3rd period - Shot by Connor McDavid.
0:04 of 3rd period - Shot Blocked by Mario Ferraro.
0:06 of 3rd period - Shot by Erik Haula.
0:06 of 3rd period - Stopped by Marc-Andre Fleury with a rebound.
0:16 of 3rd period - Shot by Connor McDavid.
0:16 of 3rd period - Goal by Connor McDavid - ANCHORAGE ACES : 3 - COLORADO GLACIERCATS : 3.
0:17 of 3rd period - Brayden Schenn wins face-off versus Phillip Danault in neutral zone.
1:04 of 3rd period - Alex Iafallo is hit by Ryan Pulock and loses puck.
1:36 of 3rd period - Off-side.
1:37 of 3rd period - Tomas Hertl wins face-off versus Joshua Norris in neutral zone.
1:46 of 3rd period - Shot by Sam Reinhart.
1:46 of 3rd period - Stopped by Darcy Kuemper without a rebound.
1:47 of 3rd period - Connor McDavid wins face-off versus Tomas Hertl in ANCHORAGE ACES zone.
1:52 of 3rd period - Devon Toews is hit by Erik Haula and loses puck.
3:07 of 3rd period - Shot by Jamie Benn.
3:07 of 3rd period - Stopped by Darcy Kuemper with a rebound.
3:09 of 3rd period - Shot by Jamie Benn.
3:09 of 3rd period - Shot Misses the Net.
4:20 of 3rd period - Shot by Nikolaj Ehlers.
4:20 of 3rd period - Shot Misses the Net.
4:22 of 3rd period - Shot by Phillip Danault.
4:22 of 3rd period - Deflect By Nikolaj Ehlers.
4:22 of 3rd period - Shot Blocked by Kristopher Letang.
4:26 of 3rd period - Shot by Phillip Danault.
4:26 of 3rd period - Shot Misses the Net.
4:28 of 3rd period - Shot by Nikolaj Ehlers.
4:28 of 3rd period - Stopped by Marc-Andre Fleury with a rebound.
4:35 of 3rd period - Phillip Danault is hit by Vladislav Gavrikov and loses puck.
5:07 of 3rd period - Shot by Casey Cizikas.
5:07 of 3rd period - Stopped by Marc-Andre Fleury without a rebound.
5:08 of 3rd period - Tomas Hertl wins face-off versus Connor McDavid in COLORADO GLACIERCATS zone.
5:13 of 3rd period - Shot by Sam Reinhart.
5:13 of 3rd period - Stopped by Darcy Kuemper without a rebound.
5:14 of 3rd period - Tomas Hertl wins face-off versus Connor McDavid in ANCHORAGE ACES zone.
6:22 of 3rd period - Shot by Jamie Benn.
6:22 of 3rd period - Shot Blocked by Ryan Pulock.
6:34 of 3rd period - Shot by Tage Thompson.
6:34 of 3rd period - Stopped by Darcy Kuemper with a rebound.
6:52 of 3rd period - Shot by Jamie Benn.
6:52 of 3rd period - Shot Misses the Net.
6:54 of 3rd period - Shot by Ilya Lyubushkin.
6:54 of 3rd period - Goal by Ilya Lyubushkin - ANCHORAGE ACES : 3 - COLORADO GLACIERCATS : 4.
6:55 of 3rd period - Phillip Danault wins face-off versus Brayden Schenn in neutral zone.
6:58 of 3rd period - Shot by Nikolaj Ehlers.
6:58 of 3rd period - Deflect By Phillip Danault.
6:58 of 3rd period - Goal by Phillip Danault - ANCHORAGE ACES : 4 - COLORADO GLACIERCATS : 4.
6:59 of 3rd period - Conor Sheary wins face-off versus Brayden Schenn in neutral zone.
7:46 of 3rd period - Shot by Blake Wheeler.
7:46 of 3rd period - Stopped by Darcy Kuemper without a rebound.
7:47 of 3rd period - Tomas Hertl wins face-off versus Connor McDavid in ANCHORAGE ACES zone.
7:48 of 3rd period - Shot by Leon Draisaitl.
7:48 of 3rd period - Stopped by Darcy Kuemper without a rebound.
7:49 of 3rd period - Kevin Hayes wins face-off versus Connor McDavid in ANCHORAGE ACES zone.
7:49 of 3rd period - Kevin Hayes is hit by Ben Chiarot.
8:09 of 3rd period - Erik Haula is hit by Mario Ferraro and loses puck.
8:14 of 3rd period - Shot by Nathan MacKinnon.
8:14 of 3rd period - Goal by Nathan MacKinnon - ANCHORAGE ACES : 5 - COLORADO GLACIERCATS : 4.
8:15 of 3rd period - Tomas Hertl wins face-off versus Joshua Norris in neutral zone.
8:30 of 3rd period - Shot by Sam Reinhart.
8:30 of 3rd period - Shot Misses the Net.
8:58 of 3rd period - Minor Penalty to Luke Schenn for Tripping.
8:59 of 3rd period - Connor McDavid wins face-off versus Brayden Schenn in COLORADO GLACIERCATS zone.
8:59 of 3rd period - Connor McDavid is hit by Kristopher Letang.
9:10 of 3rd period - Shot by Chris Kreider.
9:10 of 3rd period - Shot Misses the Net.
9:12 of 3rd period - Shot by Chris Kreider.
9:12 of 3rd period - Shot Blocked by Brayden Schenn.
10:00 of 3rd period - Off-side.
10:01 of 3rd period - Kevin Hayes wins face-off versus Joshua Norris in neutral zone.
10:10 of 3rd period - Shot by Kevin Hayes.
10:10 of 3rd period - Stopped by Darcy Kuemper without a rebound.
10:11 of 3rd period - Kevin Hayes wins face-off versus Joshua Norris in ANCHORAGE ACES zone.
10:45 of 3rd period - Jonathan Audy-Marchessault is hit by Kristopher Letang.
10:49 of 3rd period - Shot by Jonathan Audy-Marchessault.
10:49 of 3rd period - Shot Blocked by Kristopher Letang.
11:10 of 3rd period - Shot by Tage Thompson.
11:10 of 3rd period - Stopped by Darcy Kuemper with a rebound.
11:33 of 3rd period - Shot by Tage Thompson.
11:33 of 3rd period - Stopped by Darcy Kuemper without a rebound.
11:34 of 3rd period - Casey Cizikas wins face-off versus Tomas Hertl in ANCHORAGE ACES zone.
12:23 of 3rd period - Dominik Simon is hit by Sam Reinhart and loses puck.
14:02 of 3rd period - Alex Iafallo is hit by Jonathan Audy-Marchessault and loses puck.
14:28 of 3rd period - Icing by Mario Ferraro.
14:29 of 3rd period - Phillip Danault wins face-off versus Tyson Jost in COLORADO GLACIERCATS zone.
14:42 of 3rd period - Shot by Matthew Highmore.
14:42 of 3rd period - Shot Misses the Net.
15:57 of 3rd period - Nathan MacKinnon is hit by Vladislav Gavrikov and loses puck.
16:02 of 3rd period - Shot by Nathan MacKinnon.
16:02 of 3rd period - Stopped by Marc-Andre Fleury without a rebound.
16:03 of 3rd period - Brayden Schenn wins face-off versus Joshua Norris in COLORADO GLACIERCATS zone.
16:29 of 3rd period - Shot by Brayden Schenn.
16:29 of 3rd period - Stopped by Darcy Kuemper without a rebound.
16:30 of 3rd period - Phillip Danault wins face-off versus Kevin Hayes in ANCHORAGE ACES zone.
16:43 of 3rd period - Shot by Nikolaj Ehlers.
16:43 of 3rd period - Shot Hit the Post.
16:45 of 3rd period - Shot by Conor Sheary.
16:45 of 3rd period - Shot Misses the Net.
16:47 of 3rd period - Shot by Nikolaj Ehlers.
16:47 of 3rd period - Shot Misses the Net.
17:32 of 3rd period - Shot by Connor McDavid.
17:32 of 3rd period - Deflect By Nathan MacKinnon.
17:32 of 3rd period - Stopped by Marc-Andre Fleury without a rebound.
17:33 of 3rd period - Connor McDavid wins face-off versus Brayden Schenn in COLORADO GLACIERCATS zone.
18:13 of 3rd period - Alex Iafallo is hit by Ryan Pulock and loses puck.
18:27 of 3rd period - Icing by Ilya Lyubushkin.
18:28 of 3rd period - Joshua Norris wins face-off versus Brayden Schenn in COLORADO GLACIERCATS zone.
18:32 of 3rd period - Minor Penalty to Luke Schenn for Interference.
18:33 of 3rd period - Kevin Hayes wins face-off versus Joshua Norris in COLORADO GLACIERCATS zone.
18:33 of 3rd period - Devon Toews is hit by Joshua Norris and loses puck.
18:38 of 3rd period - Shot by Nikolaj Ehlers.
18:38 of 3rd period - Deflect By Jonathan Audy-Marchessault.
18:38 of 3rd period - Stopped by Marc-Andre Fleury without a rebound.
18:39 of 3rd period - Kevin Hayes wins face-off versus Joshua Norris in COLORADO GLACIERCATS zone.
19:48 of 3rd period - Shot by Chris Kreider.
19:48 of 3rd period - Shot Misses the Net.
19:50 of 3rd period - Shot by Connor McDavid.
19:50 of 3rd period - Shot Hit the Post.
19:52 of 3rd period - Shot by Nathan MacKinnon.
19:52 of 3rd period - Shot Misses the Net.
Goals for this period are 3 for ANCHORAGE ACES vs 1 for COLORADO GLACIERCATS.
Shots for this period are 9 for ANCHORAGE ACES vs 11 for COLORADO GLACIERCATS.


DARCY
KUEMPER
JAKE
OETTINGER
NINO
NIEDERREITER

EAST COAST

HOCKEY LEAGUE

  • 1.CHI2QUE4
  • 2.LIM2CHA3
  • 3.LON3TRV5
  • 4.BAL5CHW6
  • 5.MANPIT
  • 6.NHWATL
  • 7.PETWOR
  • 8.RHI